 Dungeon Crawl Stone Soup version 0.27.1 (webtiles) character file.

Game seed: 16284209232554582745

3507 MajorAdolf the Covert (level 10, -4/91 HPs)
             Began as a Naga Wanderer on Aug 22, 2021.
             Was a Priest of Cheibriados.
             Killed by divine providence
             ... invoked by an orc priest
              (8 damage)
             ... on level 9 of the Dungeon.
             The game lasted 00:23:16 (15100 turns).

MajorAdolf the Covert (Naga Wanderer)              Turns: 15100, Time: 00:23:16

Health: -4/91      AC:  7    Str: 27    XL:     10   Next: 7%
Magic:  16/16      EV: 10    Int: 20    God:    Cheibriados [***...]
Gold:   288        SH:  0    Dex: 21    Spells: 14/18 levels left

rFire    . . .     SeeInvis +   a - +2 dagger (venom)
rCold    . . .     Faith    .   (no shield)
rNeg     . . .     Spirit   .   e - +0 robe
rPois    +         Reflect  .   i - +0 helmet
rElec    .         Harm     .   G - +0 cloak
rCorr    .         Rampage  .   n - +0 pair of gloves
Will     +....                  (no barding)
Stlth    +++++.....             k - amulet of magic regeneration
HPRegen  0.25/turn              b - +6 ring of strength
MPRegen  0.40/turn              (no ring)

@: very slow
A: AC +3, large, see invisible, deformed body, poison resistance, slowness 2,
spit poison 1, naga tail 1
a: Spit Poison, Renounce Religion, Bend Time, Temporal Distortion


You were on level 9 of the Dungeon.
You worshipped Cheibriados.
Cheibriados was most pleased with you.
You visited 2 branches of the dungeon, and saw 10 of its levels.

You collected 288 gold pieces.

Inventory:

Hand Weapons
 a - a +2 dagger of venom (weapon)
 c - a +0 spear
 I - a +0 whip of pain
 J - a +1 dagger of speed
Armour
 e - a +0 robe (worn)
 i - a +0 helmet (worn)
 n - a +0 pair of gloves (worn)
 o - a scarf of invisibility
 G - a +0 cloak (worn)
Jewellery
 b - a +6 ring of strength (left hand)
 k - an amulet of magic regeneration (around neck)
 F - an amulet of the acrobat
Wands
 r - a wand of polymorph (11)
 t - a wand of digging (7)
 y - a wand of iceblast (9)
 E - a wand of charming (8)
Scrolls
 d - a scroll of teleportation
 g - 4 scrolls of enchant armour {unknown}
 l - 2 scrolls of vulnerability
 m - 3 scrolls of fog
 w - a scroll of blinking {unknown}
 x - 2 scrolls of identify
 A - 3 scrolls of amnesia {unknown}
 B - a scroll of holy word {unknown}
 D - a scroll of magic mapping {unknown}
 H - a scroll of enchant weapon {unknown}
Potions
 f - 3 potions of lignification {unknown}
 h - a potion of flight {unknown}
 j - 7 potions of curing {unknown}
 p - a potion of might {unknown}
 q - 4 potions of haste {unknown}
 s - 3 potions of mutation {unknown}
 u - 2 potions of invisibility {unknown}
 v - a potion of brilliance {unknown}
 z - 2 potions of attraction {unknown}
 C - a potion of degeneration {unknown}
 K - a potion of heal wounds {unknown}


   Skills:
 + Level 5.8 Fighting
 + Level 5.7 Short Blades
 - Level 1.0 Maces & Flails
 - Level 1.0 Armour
 - Level 1.5 Dodging
 + Level 9.5 Stealth
 - Level 2.0 Unarmed Combat
 + Level 4.5 Spellcasting
 + Level 0.1 Transmutations
 - Level 5.0 Air Magic
 + Level 0.1 Earth Magic
 + Level 6.5 Poison Magic
 + Level 3.8 Invocations
 - Level 1.0 Evocations


You had 14 spell levels left.
You knew the following spells:

 Your Spells              Type           Power      Damage    Failure   Level
a - Poisonous Vapours     Pois/Air       54%        N/A       1%          2
b - Passwall              Tmut/Erth      4%         N/A       17%         2

Your spell library contained the following spells:

 Spells                   Type           Power      Damage    Failure   Level
 Corpse Rot               Necr/Air       N/A        N/A       7%          2
 Animate Skeleton         Necr           8%         N/A       12%         1
 Pain                     Necr           16%        1d4       12%         1
 Sandblast                Erth           8%         2d5       12%         1
 Vampiric Draining        Necr           2%         2d6       36%         3
 Freezing Cloud           Conj/Ice/Air   5%         6-21      86%         5
 Lee's Rapid Deconstruct  Erth           2%         3d5*      97%         5


Dungeon Overview and Level Annotations

Branches:
Dungeon (9/15)             Temple (1/1) D:6            Lair (0/6) D:9
    Orc: D:9-12

Altars:
Ashenzari
Cheibriados
Dithmenos
Elyvilon
Fedhas
Hepliaklqana
Kikubaaqudgha
Makhleb
Nemelex Xobeh
Okawaru
Ru
Sif Muna
Trog
Uskayaw
Vehumet
Wu Jian
Xom
Yredelemnul
Zin
The Shining One

Shops:
D:2 (

Annotations:
D:5 exclusion: phantom
D:6 Dowan, Duvessa
D:7 Menkaure
D:9 exclusions: centaur and two-headed ogre


Innate Abilities, Weirdness & Mutations

Your serpentine skin is tough. (AC +3)
You have supernaturally acute eyesight. (SInv)
Armour fits poorly on your strangely shaped body.
Your system is resistant to poisons. (rPois)
You cover ground very slowly.
You can spit poison.
You have a snake-like lower body.


Message History

The stone arrow misses you.
Okay, then.
Okay, then.
Casting: Poisonous Vapours (safe; 1% risk of failure)
Confirm with . or Enter, or press ? or * to list all spells.
You aren't next to any passable walls.
Unknown command.
The gargoyle hurls a stone arrow at you.
The stone arrow hits you!!
The gargoyle hurls a stone arrow at you.
The stone arrow hits you!!
As you read the scroll of teleportation, it crumbles to dust.
You feel strangely unstable. The gargoyle closely misses you.
Unknown command.
The gargoyle closely misses you.
The gargoyle hurls a stone arrow at you.
The stone arrow hits you!!
* * * LOW HITPOINT WARNING * * *
Unknown command.
Your surroundings suddenly seem different. 3 wargs, 2 orcs, 4 orc priests and an orc wizard come into view.
An orc priest is wielding a +2 mace of venom.
Found a fluorescent wand and 7 gold pieces.
Found a staircase to the Lair.
The warg howls!
The orc wizard shouts!
The orc shouts!
The warg howls!
The orc shouts!
The orc priest shouts! x3; You hear a shout!
The warg bites you!
* * * LOW HITPOINT WARNING * * *
The orc completely misses you.
The orc priest looks satisfied for a moment.
The orc priest invokes the aid of Beogh against you.
You resist with some effort. The warg bites you but does no damage.
The warg bites you!
* * * LOW HITPOINT WARNING * * *
The orc hits you but does no damage.
The orc wizard gestures wildly while chanting.
The orc wizard flickers and vanishes for a moment.
The orc priest calls down the wrath of Beogh upon you.
Beogh smites you!
You die...

#. . ###.##. ###.....###
#.. ##.........## .
#.###### #...........#..
#.#.....
.....o.oo....####.#.....
$/...hho..........#.....
.....o.@o.........#.....
#......oh...#.....#.....
##.........##[....#.....
###.....####.....#.....
...#............#.....
#####............#.....
....c........######
........###........
.............###
#...9....


You could see 3 wargs, a centaur, 4 orc priests, an orc wizard (invisible) and 2
orcs.

Vanquished Creatures
  A hornet (D:7)
  Prince Ribbit (D:7)
  A shadow (D:8)
  A sky beast (D:4)
  An orc warrior (D:7)
  A necrophage (D:8)
  2 ogres (D:5)
  A tengu (D:6)
  A centaur (D:6)
  2 kobold brigands
  2 bullfrogs (D:7)
  3 scorpions
  A wyvern skeleton (D:5)
  15 killer bees
  3 wights
  2 centaur zombies
  5 hounds
  A jelly (D:6)
  A gnoll shaman (D:7)
  3 orc priests
  Crazy Yiuf (D:7)
  4 centaur skeletons
  4 iguanas
  4 orc wizards
  Terence (D:2)
  A hound zombie (D:5)
  2 hound skeletons (D:5)
  9 gnolls
  10 adders
  2 worms
  A dart slug (D:3)
  26 orcs
  5 endoplasms
  2 giant cockroaches
  3 goblins
  4 hobgoblins
  12 jackals
  16 kobolds
  3 quokkas
  4 ball pythons
  3 frilled lizards
  9 rats
174 creatures vanquished.

Vanquished Creatures (others)
  An orc wizard (D:9)
1 creature vanquished.

Grand Total: 175 creatures vanquished

Notes
Turn   | Place    | Note
-------+----------+-------------------------------------------
     0 | D:1      | MajorAdolf the Naga Wanderer began the quest for the Orb.
     0 | D:1      | MajorAdolf set off with the following items: a +2 dagger, a
                  | potion of berserk rage, a +0 spear, a scroll of
                  | teleportation, a +0 robe
     0 | D:1      | Reached XP level 1. HP: 18/18 MP: 1/1
   302 | D:1      | Reached XP level 2. HP: 20/25 MP: 2/2
   392 | D:1      | Found a faded altar of an unknown god.
   442 | D:1      | Reached skill level 1 in Short Blades
  1073 | D:2      | Noticed Terence
  1088 | D:2      | Killed Terence
  1089 | D:2      | Reached skill level 4 in Stealth
  1089 | D:2      | Reached XP level 3. HP: 7/32 MP: 3/3
  1537 | D:3      | Reached XP level 4. HP: 34/39 MP: 4/4
  2708 | D:2      | Reached skill level 5 in Stealth
  2894 | D:2      | Learned a level 2 spell: Poisonous Vapours
  3186 | D:2      | Found Zeajeig's Antique Weapon Boutique.
  3462 | D:2      | Reached XP level 5. HP: 30/46 MP: 5/5
  4595 | D:4      | Reached skill level 1 in Poison Magic
  4625 | D:4      | Reached skill level 1 in Air Magic
  5079 | D:4      | Reached XP level 6. HP: 49/56 MP: 2/7
  5181 | D:4      | Found a hide-covered altar of Uskayaw.
  5181 | D:4      | Found a shimmering altar of Xom.
  5181 | D:4      | Found a shadowy altar of Dithmenos.
  5182 | D:4      | Found a shimmering blue altar of Sif Muna.
  5292 | D:4      | Reached skill level 1 in Spellcasting
  5633 | D:5      | Entered Level 5 of the Dungeon
  5702 | D:5      | Reached skill level 6 in Stealth
  5765 | D:5      | Noticed a sky beast
  5790 | D:4      | Killed a sky beast
  5791 | D:4      | Reached XP level 7. HP: 29/62 MP: 1/9
  7357 | D:5      | Reached XP level 8. HP: 40/72 MP: 11/11
  7700 | D:6      | Reached skill level 7 in Stealth
  7789 | D:6      | Noticed Duvessa
  7789 | D:6      | Noticed Dowan
  7808 | D:6      | Found a bloodstained altar of Trog.
  7809 | D:6      | Found an ancient bone altar of Kikubaaqudgha.
  7849 | D:6      | Found a radiant altar of Vehumet.
  8483 | D:6      | Found a staircase to the Ecumenical Temple.
  8912 | D:6      | Found a glowing golden altar of the Shining One.
  9076 | Temple   | Entered the Ecumenical Temple
  9191 | Temple   | Became a worshipper of Cheibriados the Contemplative
  9427 | D:7      | Noticed Menkaure
  9427 | D:7      | Found the +6 arbalest "Damnation" {damnation}
  9618 | D:7      | Noticed Prince Ribbit
  9634 | D:7      | Killed Prince Ribbit
  9635 | D:7      | Reached skill level 8 in Stealth
  9635 | D:7      | Reached skill level 1 in Invocations
  9843 | D:7      | Reached skill level 5 in Poison Magic
  9843 | D:7      | Reached XP level 9. HP: 76/80 MP: 8/14
 10153 | D:7      | Found a glowing silver altar of Zin.
 10226 | D:7      | Reached * piety under Cheibriados
 10362 | D:7      | Found a runed translucent door.
 10363 | D:7      | Noticed Crazy Yiuf
 10558 | D:7      | Killed Crazy Yiuf
 10691 | D:8      | Reached skill level 5 in Fighting
 10750 | D:8      | Noticed a hornet
 10758 | D:7      | Paralysed by a hornet for 3 turns
 10762 | D:7      | Killed a hornet
 11253 | D:8      | Reached skill level 5 in Short Blades
 12507 | D:8      | Reached ** piety under Cheibriados
 12508 | D:8      | Reached skill level 9 in Stealth
 13879 | D:7      | Reached XP level 10. HP: 79/91 MP: 7/16
 14055 | D:8      | Reached *** piety under Cheibriados
 14124 | D:8      | Reached skill level 5 in Air Magic
 14539 | D:8      | Found a broken altar of Ashenzari.
 14600 | D:8      | Learned a level 2 spell: Passwall
 15053 | D:9      | Noticed a two-headed ogre
 15091 | D:9      | Noticed a gargoyle
 15100 | D:9      | Found a staircase to the Lair.
 15100 | D:9      | HP: 4/91 [warg (7)]
 15100 | D:9      | Killed from afar by an orc priest

Illustrated notes

Levels and vault maps discovered:
D:1:      elethiomel_arrival_quiet, layout_basic,
          chequers_ecumenical_altar_simple_redux
D:2:      layout_basic, serial_shops, shop, uniq_terence
D:3:      layout_basic
D:4:      layout_basic, minitemple, gup_sewer_entry_bowl
D:5:      layout_basic, minmay_misc_feat_pillars, st_stairs_3
D:6:      layout_loops_ring, lemuel_crystal_altar, tso_oasis_becter,
          mainiacjoe_overflow_divided_tiny, minmay_temple_entry_waves,
          uniq_duvessa
D:7:      layout_basic, mainiacjoe_overflow_alcove_2, grunt_ministairs_1,
          uniq_menkaure, uniq_crazy_yiuf_cottage, uniq_prince_ribbit1
D:8:      layout_rooms, mainiacjoe_overflow_alcove_1
D:9:      layout_irregular_city, mainiacjoe_overflow_catwalk,
          erik_lair_orcish_takeover, uniq_joseph
Temple:   compressed_dpeg_circular_temple

Skill      XL: |  1  2  3  4  5  6  7  8  9 10 |
---------------+-------------------------------+-----
Short Blades   | 1 2 3 4 5 |  5.7
Fighting       | 2 3 4 5 |  5.8
Stealth        | 4 5 6 8 9 |  9.5
Poison Magic   | 1 2 3 5 6 |  6.5
Air Magic      | 1 2 3 4 5 |  5.0
Spellcasting   | 1 2 3 4 |  4.5
Invocations    | 1 3 |  3.8
Maces & Flails | |  1.0
Armour         | |  1.0
Dodging        | |  1.5
Unarmed Combat | |  2.0
Transmutations | |  0.1
Earth Magic    | |  0.1
Evocations     | |  1.0

Action                   |  1- 3 |  4- 6 |  7- 9 | 10-12 || total
-------------------------+-------+-------+-------+-------++-------
Melee: Dagger            |    48 |   166 |   287 |    14 ||   515
       Punch             |       |     3 |    12 |       ||    15
 Cast: Poisonous Vapours |       |    35 |   195 |    49 ||   279
       Passwall          |       |       |       |     1 ||     1
 Abil: Spit Poison       |    10 |    21 |     8 |       ||    39
Evoke: Wand              |       |       |     5 |       ||     5
  Use: Scroll            |       |     5 |     3 |     2 ||    10
       Potion            |       |     1 |     1 |       ||     2
 Stab: Sleeping          |     5 |     5 |     6 |       ||    16
Armor: Robe              |     3 |    59 |   169 |     7 ||   238
Dodge: Dodged            |    23 |    90 |   277 |    27 ||   417
